 Dungeon Crawl Stone Soup version 0.28.0-49-g6dfe1f597d (console) character file.

Game seed: 4476022133870138821

9197 Faeu the Cleaver (level 11, -2/102 HPs)
             Began as a Minotaur Berserker on May 15, 2022.
             Was an Elder of Trog.
             Slain by an orc warrior
             ... wielding a +0 broad axe
              (25 damage)
             ... on level 2 of the Orcish Mines.
             The game lasted 00:29:29 (12202 turns).

Faeu the Cleaver (Minotaur Berserker)              Turns: 12202, Time: 00:29:30

Health: -2/102     AC: 21    Str: 27      XL:     11   Next: 19%
Magic:  10/10      EV: 13    Int:  3 (4)  God:    Trog [****..]
Gold:   480        SH:  0    Dex: 15      Spells: 10/10 levels left

rFire   . . .      SeeInvis .   J - +2 trident (protect) {polearm}
rCold   . . .      Faith    .   v - +0 buckler
rNeg    . . .      Spirit   .   x - +0 chain mail
rPois   +          Reflect  .   E - +1 hat
rElec   .          Harm     .   l - scarf {+Inv}
rCorr   .          Rampage  .   (no gloves)
Will    .....                   b - +0 pair of boots
Stlth   ..........              (no amulet)
HPRegen 0.27/turn               k - ring of poison resistance
MPRegen 0.12/turn               m - +6 ring of dexterity

@: confused, under a protective aura, on berserk cooldown, slowed, very slow
A: horns 2, retaliatory headbutt
a: Renounce Religion, Evoke Invisibility, Berserk, Trog's Hand, Brothers in Arms


You were on level 2 of the Orcish Mines.
You worshipped Trog.
Trog was greatly pleased with you.
You visited 2 branches of the dungeon, and saw 12 of its levels.

You collected 480 gold pieces.


Innate Abilities, Weirdness & Mutations

You have a pair of horns on your head.
You reflexively headbutt those who attack you in melee.


   Skills:
 + Level 11.1 Fighting
 + Level 11.2 Axes
 + Level 10.8 Armour
 + Level 9.9 Dodging


You had 10 spell levels left.
You didn't know any spells.
Your spell library contained the following spells:

 Spells                   Type           Power      Damage    Failure   Level
 Animate Armour           Summ/Erth      0%         N/A       100%        4
 Blade Hands              Tmut           0%         N/A       100%        5
 Iron Shot                Conj/Erth      0%         9d1       100%        6

Inventory:

Hand Weapons
 a - a +0 hand axe {axe}
 g - a +3 dagger of freezing {short}
   (You took it off a goblin on level 1 of the Dungeon)
 u - a +1 flail of protection {mace}
   (You took it off an orc on level 4 of the Dungeon)
 J - a +2 trident of protection (weapon) {polearm}
   (You took it off an orc on level 10 of the Dungeon)
Armour
 b - a +0 pair of boots (worn)
   (You found it on level 6 of the Dungeon)
 l - a scarf of invisibility (worn)
   (You found it on level 2 of the Dungeon)
 v - a +0 buckler (worn)
   (You found it on level 5 of the Dungeon)
 x - a +0 chain mail (worn)
   (You found it on level 5 of the Dungeon)
 D - a +0 pair of boots
   (You found it on level 8 of the Dungeon)
 E - a +1 hat (worn)
   (You found it on level 8 of the Dungeon)
 H - a +1 chain mail of fire resistance
   (You took it off an orc priest on level 9 of the Dungeon)
Jewellery
 k - a ring of poison resistance (left hand)
   (You found it on level 2 of the Dungeon)
 m - a +6 ring of dexterity (right hand)
   (You found it on level 2 of the Dungeon)
 p - a ring of resist corrosion
   (You found it on level 3 of the Dungeon)
 G - a ring of willpower
   (You took it off an orc priest on level 9 of the Dungeon)
Wands
 q - a wand of digging (11)
   (You found it on level 3 of the Dungeon)
 y - a wand of iceblast (17)
   (You found it on level 7 of the Dungeon)
Scrolls
 c - a scroll of summoning {unknown}
 e - 6 scrolls of teleportation {@r4}
 h - 3 scrolls of noise {!r}
 i - 3 scrolls of vulnerability {!r!r}
 j - a scroll of amnesia {unknown}
 n - 2 scrolls of enchant weapon
 o - 2 scrolls of identify {@r1}
 r - 2 scrolls of fear
 B - 3 scrolls of immolation {!r!r}
 C - a scroll of enchant armour {unknown}
 L - a scroll of silence {unknown}
 M - a scroll of brand weapon {unknown}
Potions
 d - 6 potions of curing {unknown}
 f - a potion of might
 s - 2 potions of brilliance {unknown}
 t - 2 potions of haste {unknown}
 w - 2 potions of degeneration {unknown}
 z - 3 potions of heal wounds {unknown}
 A - a potion of lignification {unknown}
 I - a potion of berserk rage {unknown}
 K - 2 potions of attraction {unknown}

Dungeon Overview and Level Annotations

Branches:
Dungeon (10/15)              Lair (0/6) D:9             Orc (2/2) D:10
 Temple: D:4-7          Elf: Orc:2

Altars:
Uskayaw
Zin

Shops:
D:7 ( D:9

= ##).......###
##.........##
#......#....#
##)......#.#
###.........#
##...........#
##.)).........#
##.....#####...#
#..3.### #....
#.o4## .....
#.3@# ###..
##ooo# #3oo..
##.รท.o..
##...oo..
...รท... ##.....
#รท...


You could see an orc knight, 2 orc high priests, a sun demon (summoned), a rust
devil (summoned), a smoke demon (summoned), a neqoxec (summoned), an orc
sorcerer (strong), 2 orc warriors, an orc priest (strong), an orc wizard
(strong) and an orc (strong).


Message History

A red film seems to cover your vision as you go berserk!
You feel yourself moving faster!
You feel mighty!
An orc warrior comes into view. It is wielding a +0 broad axe.
You block the orc high priest's attack. ๐Ÿ˜• HP[+45]
You now have 153 max hp (+51).
You regained 45 hp, and now have 133/153 hp.
You closely miss the orc wizard. You headbutt the orc wizard!
The orc sorcerer casts a spell.
The orc high priest hits you but does no damage.
The orc priest looks encouraged for a moment.
You hear a shout!
You hit the orc wizard.
Your weapon exudes an aura of protection.
You kill the orc wizard!
Trog accepts your kill.
Trog appreciates your killing of a magic user.
You closely miss the orc high priest.
The orc priest looks braver for a moment.
The orc high priest hits you but does no damage. x2
You puncture the orc high priest!
You headbutt the orc high priest! ๐Ÿ˜• HP[+1]
You impale the orc high priest!! You headbutt the orc high priest.
The orc high priest closely misses you.
The orc high priest prays to Beogh.
You puncture the orc high priest!
You kill the orc high priest!
Trog accepts your kill.
The sun demon disappears in a puff of smoke! x2
The orc high priest hits you but does no damage.
You closely miss the orc sorcerer. Your headbutt misses the orc sorcerer.
The orc sorcerer barely misses you.
The orc high priest hits you but does no damage.
You closely miss the orc sorcerer.
You headbutt the orc sorcerer. ๐Ÿ˜• HP[+1]
You hit the orc sorcerer.
The orc sorcerer hits you but does no damage.
The orc high priest hits you from afar with a +0 glaive.
The orc priest looks braver for a moment. ๐Ÿ˜• HP[-5]
You take 5 damage, and now have 130/153 hp.
You barely miss the orc sorcerer.
The orc high priest hits you from afar with a +0 glaive. ๐Ÿ˜• HP[-2]
You take 2 damage, and now have 128/153 hp.
The orc priest looks satisfied for a moment.
The sun demon hits you!
You are engulfed in flames!
An orc knight comes into view.
It is wielding a +0 long sword and wearing a +2 plate armour of willpower.
The orc wizard hits you but does no damage.
The orc sorcerer hits you but does no damage.
Items here: )) [[ โ€ โ€ . ๐Ÿ˜ฎ HP[-33]
You take 33 damage, and now have 95/153 hp.
MASSIVE DAMAGE!! (PAUSE)
You closely miss the orc high priest. The orc high priest misses you.
The orc priest calls upon Beogh to heal the orc knight.
The orc knight's wounds heal themselves!
An orc high priest comes into view.
It is wielding a +2 short sword of freezing.
The sun demon barely misses you. ๐Ÿ˜ฎ HP[+1]
You closely miss the orc high priest. You headbutt the orc high priest!
The orc wizard gestures at you while chanting.
You are confused.
The orc sorcerer mumbles some strange words.
The sun demon closely misses you.
The orc high priest utters an invocation to Beogh.
You bump into the rock wall.
An orc warrior comes into view. It is wielding a +0 glaive.
The orc knight roars a battlecry!
The orcs go into a battle-frenzy!
The orc wizard gestures at you while chanting.
The puff of flame hits you but does no damage.
The orc sorcerer hits you but does no damage.
You hit the sun demon.
You are no longer berserk.
You are exhausted.
You feel yourself slow down. The sun demon barely misses you.
The orc high priest hits you but does no damage.
The smoke demon barely misses you. x2
The smoke demon hits you but does no damage.
The orc warrior hits you with a +0 broad axe!!
* * * LOW HITPOINT WARNING * * *
The orc wizard closely misses you. ๐Ÿ˜จ HP[-55]
You now have 102 max hp (-51).
You take 55 damage, and now have 41/102 hp.
MASSIVE DAMAGE!! (PAUSE)
You impale the orc sorcerer!!
The sun demon hits you but does no damage.
The orc sorcerer hits you but does no damage.
The orc high priest hits you but does no damage.
The neqoxec gestures at you.
You feel dopey. Something feeds on your intellect! The sun demon hits you.
* * * LOW HITPOINT WARNING * * *
You are engulfed in flames!
* * * LOW HITPOINT WARNING * * *
The orc warrior hits you with a +0 broad axe!!
You die...

Skill      XL: |  1  2  3  4  5  6  7  8  9 10 11 |
---------------+----------------------------------+-----
Axes           | 4 5 6 8 9 10 11 | 11.2
Fighting       | 4 5 6 8 9 10 11 | 11.1
Armour         | 3 4 6 7 9 10 | 10.8
Dodging        | 3 4 5 6 8 9 |  9.9

Action                   |  1- 3 |  4- 6 |  7- 9 | 10-12 || total
-------------------------+-------+-------+-------+-------++-------
Melee: Hand axe          |    22 |       |       |       ||    22
       Dagger            |    44 |    26 |       |       ||    70
       Headbutt          |     9 |     9 |    46 |    77 ||   141
       Flail             |       |    13 |   225 |   102 ||   340
       Punch             |       |     1 |       |       ||     1
       Trident           |       |       |       |   201 ||   201
Invok: Berserk           |     2 |     4 |     6 |     6 ||    18
  Use: Scroll            |       |       |       |     9 ||     9
 Stab: Sleeping          |     1 |       |       |       ||     1
Armor: Animal skin       |    16 |     3 |    20 |       ||    39
       Chain mail        |       |       |   130 |   151 ||   281
Dodge: Dodged            |    40 |    24 |   141 |   162 ||   367
Block: Buckler           |       |       |    40 |    43 ||    83

Levels and vault maps discovered:
D:1:      dpeg_arrival_solitude, layout_basic
D:2:      layout_loops_ring, basic_altar, grunt_decor_cap
D:3:      layout_rooms, ebering_ecumenical_altar_sacrificial, uniq_natasha
D:4:      layout_basic, mainiacjoe_overflow_surrounded_room
D:5:      layout_rooms, uniq_crazy_yiuf_cottage
D:6:      layout_loops_ring, portal_sewer_entry_d, minmay_fountain_box
D:7:      erik_cavepeople, layout_loops_corners, minmay_temple_entry_glass,
          serial_shops, nicolae_shop_crystal, st_stairs_11, uniq_menkaure,
          uniq_joseph
D:8:      layout_loops_cross
D:9:      layout_basic, erik_lair_island, serial_shops, nicolae_square_shop
D:10:     layout_cave_pods, orc_0_dummy, minmay_misc_feat_doors
Orc:1:    layout_diamond_mine, portal_ice_cave_entry_pillars_2
Orc:2:    grunt_orc_tribal_feast, layout_diamond_mine,
          hellmonk_bongcloud_opening

Notes
Turn   | Place    | Note
-------+----------+-------------------------------------------
     0 | D:1      | Faeu the Minotaur Berserker began the quest for the Orb.
     0 | D:1      | Reached XP level 1. HP: 19/19 MP: 0/0
     0 | D:1      | magus.rc [v1.9.6]
   182 | D:1      | Reached XP level 2. HP: 12/27 MP: 1/1
   874 | D:2      | Reached skill level 4 in Axes
   902 | D:2      | Reached skill level 4 in Fighting
  1022 | D:2      | Reached skill level 3 in Armour
  1022 | D:2      | Reached XP level 3. HP: 29/33 MP: 2/2
  1109 | D:2      | Found a hide-covered altar of Uskayaw.
  1319 | D:2      | Reached ** piety under Trog
  1824 | D:3      | Reached skill level 3 in Dodging
  2143 | D:3      | Found a faded altar of an unknown god.
  2363 | D:3      | Noticed Natasha
  2369 | D:3      | HP: 9/49 [Natasha (9)]
  2371 | D:3      | Killed Natasha
  2372 | D:3      | Reached XP level 4. HP: 10/41 MP: 3/3
  2718 | D:4      | HP: 12/61 [orc priest/divine providence (11)]
  2719 | D:4      | Reached XP level 5. HP: 14/47 MP: 4/4
  2719 | D:4      | HP: 4/70 [orc priest/divine providence (10)]
  3024 | D:5      | Entered Level 5 of the Dungeon
  3064 | D:4      | Noticed an ogre
  3072 | D:4      | Killed an ogre
  3073 | D:4      | Reached skill level 5 in Fighting
  3073 | D:4      | Reached skill level 5 in Axes
  3073 | D:4      | Reached skill level 4 in Armour
  3126 | D:4      | Reached skill level 4 in Dodging
  3126 | D:4      | Reached XP level 6. HP: 56/56 MP: 5/5
  3320 | D:4      | Found a glowing silver altar of Zin.
  3845 | D:5      | Reached XP level 7. HP: 62/62 MP: 6/6
  3922 | D:5      | Reached skill level 5 in Armour
  4048 | D:5      | Reached skill level 6 in Fighting
  4048 | D:5      | Reached skill level 6 in Axes
  4090 | D:5      | Reached skill level 5 in Dodging
  4398 | D:5      | Paralysed by a gnoll for 5 turns
  4541 | D:6      | Reached skill level 6 in Armour
  4541 | D:6      | Reached XP level 8. HP: 30/71 MP: 7/7
  4999 | D:6      | Reached skill level 7 in Fighting
  4999 | D:6      | Reached skill level 7 in Axes
  5468 | D:6      | Reached skill level 6 in Dodging
  6027 | D:7      | Reached skill level 7 in Armour
  6062 | D:7      | Found Tunan's Antique Weapon Shop.
  6102 | D:7      | Reached skill level 8 in Fighting
  6102 | D:7      | Reached skill level 8 in Axes
  6102 | D:7      | Reached XP level 9. HP: 81/81 MP: 8/8
  6109 | D:7      | Reached skill level 7 in Dodging
  6758 | D:8      | Reached skill level 8 in Armour
  6761 | D:8      | Reached *** piety under Trog
  7209 | D:9      | Found a staircase to the Lair.
  7240 | D:9      | Reached skill level 9 in Axes
  7245 | D:9      | Reached skill level 9 in Fighting
  7273 | D:9      | Reached skill level 8 in Dodging
  7432 | D:9      | Noticed a troll
  7449 | D:9      | Killed a troll
  7450 | D:9      | Reached skill level 9 in Armour
  7450 | D:9      | Reached XP level 10. HP: 91/91 MP: 9/9
  7468 | D:9      | HP: 22/91 [orc warrior/+0 quarterstaff (14)]
  9367 | D:9      | Found Lituleut's Jewellery Boutique.
  9444 | D:10     | Entered Level 10 of the Dungeon
  9631 | D:10     | Found a staircase to the Orcish Mines.
  9742 | D:10     | Reached skill level 10 in Axes
  9887 | D:9      | Reached skill level 10 in Fighting
  9937 | D:10     | Reached skill level 9 in Dodging
  9941 | D:10     | Reached **** piety under Trog
 10048 | D:10     | Reached skill level 10 in Armour
 10629 | D:10     | You pick up a book of Iron {forbidden} and begin reading...
 10629 | D:10     | You add the spells Animate Armour, Blade Hands and Iron
                  | Shot to your library.
 10750 | Orc:1    | Entered Level 1 of the Orcish Mines
 10900 | Orc:1    | Noticed an orc knight
 10927 | Orc:1    | Killed an orc knight
 10930 | Orc:1    | HP: 18/141 [orc warrior/+0 hand axe[an orc knight] (22)]
 10931 | Orc:1    | HP: 8/141 [orc warrior/+0 hand axe[an orc knight] (8)]
 11276 | Orc:2    | Entered Level 2 of the Orcish Mines
 11290 | Orc:2    | Noticed an orc knight
 11314 | Orc:1    | HP: 19/94 [orc knight/+0 battleaxe (21)]
 11315 | Orc:1    | HP: 1/94 [orc knight/+0 battleaxe (12)]
 11711 | Orc:1    | Killed an orc knight
 11712 | Orc:1    | Reached XP level 11. HP: 41/101 MP: 10/10
 12052 | Orc:2    | Noticed an orc sorcerer
 12059 | Orc:2    | Paralysed by an orc sorcerer for 3 turns
 12096 | Orc:2    | Killed an orc sorcerer
 12097 | Orc:2    | Reached skill level 11 in Axes
 12180 | Orc:2    | Reached skill level 11 in Fighting
 12183 | Orc:2    | Noticed an orc high priest
 12185 | Orc:2    | Noticed an orc sorcerer
 12185 | Orc:2    | Noticed an orc high priest
 12188 | Orc:2    | Noticed a sun demon
 12192 | Orc:2    | Noticed a sun demon
 12192 | Orc:2    | Noticed a sun demon
 12192 | Orc:2    | Killed an orc high priest
 12197 | Orc:2    | Noticed an orc knight
 12198 | Orc:2    | Noticed an orc high priest
 12202 | Orc:2    | HP: 23/102 [sun demon[an orc sorcerer] (12)]
 12202 | Orc:2    | Slain by an orc warrior

Vanquished Creatures
  An orc high priest (Orc:2)
  2 orc knights (Orc:1)
  An orc sorcerer (Orc:2)
  A troll (D:9)
  A hornet (D:9)
  10 yaks
  2 wraiths (D:9)
  A vampire (D:10)
  A wyvern (D:10)
  A warg (Orc:2)
  A water moccasin (D:6)
  13 orc warriors
  2 black bears
  A necrophage (D:5)
  An ice beast (D:6)
  2 ogres
  2 centaurs
  4 wolves (D:9)
  2 kobold brigands
  A bullfrog (D:7)
  2 scorpions
  4 killer bees (D:8)
  5 wights
  A howler monkey (D:5)
  3 centaur zombies (D:10)
  2 bullfrog zombies
  5 hounds
  3 jellies
  11 orc priests
  A centaur skeleton (D:5)
  14 orc wizards
  Natasha (D:3)
  A hound zombie (D:5)
  A hound skeleton (D:4)
  3 howler monkey zombies
  5 adders
  3 gnolls (D:5)
  A howler monkey skeleton (D:7)
  2 white imps (D:8)
  An ufetubus (D:5)
  A worm (D:2)
  2 dart slugs
  32 orcs
  2 ball pythons (D:1)
  5 endoplasms
  9 goblins
  2 hobgoblins (D:1)
  5 bats
  2 frilled lizards
  15 kobolds
  A rat (D:1)
195 creatures vanquished.

Vanquished Creatures (others)
  An orc (D:9)
1 creature vanquished.

Grand Total: 196 creatures vanquished

Table legend:
 A = Non-vault XP
 B = Vault XP
 C = Vault XP percentage of total XP
 D = Non-vault monster count
 E = Vault monster count
 F = Vault count percentage of total count
                 A         B        C        D         E       F
            +---------+---------+-------+---------+---------+-------
      Total |    9395 |    3744 |  28.5 |     164 |      32 |  16.3
            +---------+---------+-------+---------+---------+-------
        D:1 |      27 |       0 |   0.0 |      15 |       0 |   0.0
        D:2 |      49 |       0 |   0.0 |      14 |       0 |   0.0
        D:3 |      14 |      35 |  71.4 |       7 |       1 |  12.5
        D:4 |     277 |       0 |   0.0 |       9 |       0 |   0.0
        D:5 |     906 |       0 |   0.0 |      19 |       0 |   0.0
        D:6 |     727 |      73 |   9.1 |      11 |       3 |  21.4
        D:7 |    1341 |      60 |   4.3 |       8 |       2 |  20.0
        D:8 |     552 |       0 |   0.0 |      18 |       0 |   0.0
        D:9 |    2185 |     955 |  30.4 |      31 |       9 |  22.5
       D:10 |    2058 |       0 |   0.0 |      19 |       0 |   0.0
      Orc:1 |     953 |     781 |  45.0 |      10 |       3 |  23.1
      Orc:2 |     306 |    1840 |  85.7 |       3 |      14 |  82.4
            +---------+---------+-------+---------+---------+-------

Illustrated notes

Table legend:
 A = Kills in this place as a percentage of kills in entire the game.
 B = Kills by you in this place as a percentage of kills by you in the entire game.
 C = Kills by friends in this place as a percentage of kills by friends in the entire game.
 D = Other kills in this place as a percentage of other kills in the entire game.
 E = Experience gained in this place as a percentage of experience gained in the entire game.
 F = Experience gained in this place divided by the number of levels of this place that you have seen.
                   A       B       C       D       E      F
               +-------+-------+-------+-------+-------+----------------------
         Total | 100.0 | 100.0 |   N/A | 100.0 | 100.0 | 1094.9
       Dungeon |  84.7 |  84.6 |   N/A | 100.0 |  70.5 | 925.9
  Orcish Mines |  15.3 |  15.4 |   N/A |   0.0 |  29.5 | 1940.0
               +-------+-------+-------+-------+-------+----------------------

Table legend: (Time is in decaauts)
 A = Elapsed time spent in this place.
 B = Non-inter-level travel time spent in this place.
 C = Inter-level travel time spent in this place.
 D = Time resting spent in this place.
 E = Time spent auto-exploring this place.
 F = Levels seen in this place.
 G = Mean time per level.
                   A        B        C        D        E       F      G
               +--------+--------+--------+--------+--------+-----+--------+
         Total |  12465 |  12158 |    307 |   3830 |   5461 |  12 | 1038.8 |
       Dungeon |  11464 |  11157 |    307 |   3194 |   5458 |  10 | 1146.4 |
  Orcish Mines |   1001 |   1001 |      0 |    635 |      3 |   2 |  500.5 |
               +--------+--------+--------+--------+--------+-----+--------+

Top non-repeatable levels by time:
     D:9: 2207 daAuts
    D:10: 1719 daAuts
     D:6: 1426 daAuts
     D:3: 1146 daAuts
     D:2: 1055 daAuts
     D:8: 1045 daAuts
     D:4: 992 daAuts
   Orc:1: 818 daAuts
     D:1: 768 daAuts
     D:5: 609 daAuts
     D:7: 491 daAuts
   Orc:2: 183 daAuts
